 Dungeon Crawl Stone Soup version 0.19.4 (webtiles) character file.

299 vatarom the Insei (level 6, -2/38 HPs)
             Began as an Octopode Transmuter on Feb 2, 2017.
             Was an Initiate of Ashenzari.
             Slain by a sky beast (5 damage)
             ... on level 5 of the Dungeon.
             The game lasted 00:05:30 (2431 turns).

vatarom the Insei (Octopode Transmuter)             Turns: 2431, Time: 00:05:32

Health: -2/38      AC:  3    Str: 10    XL:     6   Next: 36%
Magic:  5/11       EV: 13    Int: 15    God:    Ashenzari [......]
Gold:   125        SH:  0    Dex: 14    Spells: 3 memorised, 5 levels left

rFire  . . .     SeeInvis .       - Unarmed
rCold  + . .     Gourm    .     (no shield)
rNeg   . . .     Faith    .     f - +2 hat
rPois  .         Spirit   .     (no amulet)
rElec  .         Reflect  .     o - ring of protection from cold
rCorr  .         Harm     .     (no ring)
MR     .....                    (no ring)
Stlth  ++........               (no ring)
                                (no ring)
                                (no ring)
                                (no ring)
                                (no ring)

@: flying (expiring), drained
A: almost no armour, stealthy swim, amphibious, 8 rings, constrict 8, camouflage
1, gelatinous body 1
a: Curse Item, Renounce Religion


You were on level 5 of the Dungeon.
You worshipped Ashenzari.
Ashenzari was noncommittal.
You were not hungry.

You visited 1 branch of the dungeon, and saw 5 of its levels.

You collected 125 gold pieces.

Inventory:

Missiles
 a - 35 arrows
Armour
 f - a +2 hat (worn)
Jewellery
 e - an uncursed ring of positive energy
 o - a ring of protection from cold (left tentacle)
Wands
 g - a wand of random effects (22/48)
 k - a wand of teleportation (5/9)
 n - a wand of flame (28/48)
Scrolls
 d - 3 scrolls of amnesia
 j - 3 scrolls of random uselessness
 l - a scroll of enchant armour
 m - 2 scrolls of remove curse
Potions
 h - a potion of curing
Books
 b - a book of Changes

   Spells                             Type                      Level
   a - Beastly Appendage              Transmutation                1
   b - Sticks to Snakes               Transmutation                2
   c - Spider Form                    Transmutation/Poison         3
   d - Ice Form                       Ice/Transmutation            4
   e - Blade Hands                    Transmutation                5
Comestibles
 c - a bread ration
 i - 3 chunks of flesh


   Skills:
 - Level 1.0(0.8) Fighting
 - Level 2.0(1.8) Dodging
 * Level 5.2(5.1) Unarmed Combat
 + Level 3.4(3.2) Spellcasting
 + Level 3.6(3.4) Transmutations


You had 5 spell levels left.
You knew the following spells:

 Your Spells              Type           Power        Failure   Level  Hunger
a - Beastly Appendage     Tmut           ##....       6%          1    #......
b - Sticks to Snakes      Tmut           ##......     10%         2    ##.....
c - Spider Form           Tmut/Pois      #.........   30%         3    ###....


Dungeon Overview and Level Annotations

Branches:
Dungeon (6/15)
 Temple: D:4-7

Altars:
Ashenzari
Fedhas
Gozag
Ru
Xom
The Shining One

Shops:
D:5 %

Annotations:
D:2 exclusion: oklob plant


Innate Abilities, Weirdness & Mutations

You cannot wear most types of armour.
You are very stealthy in the water. (Stealth+)
You are amphibious.
You can wear up to eight rings at the same time.
You can use your tentacles to constrict eight enemies at once.
Your skin changes colour to match your surroundings (Stealth+).
Your rubbery body absorbs attacks. (AC +1, EV +1)


Message History

Your squeeze misses something.
Your ball python closely misses something.
Something hits you. Something shocks you.
* * * LOW HITPOINT WARNING * * *
Your ball python misses something.
Something hits your ball python. Something shocks your ball python.
Your ball python dies!
Your ball python bites something but does no damage.
Your ball python barely misses something.
A sky beast appears from thin air!
Reactivating autopickup.
The sky beast closely misses you.
You barely miss the sky beast.
The sky beast is lightly wounded.
Your ball python bites the sky beast.
The sky beast flickers out of sight!
Deactivating autopickup; reactivate with Ctrl-A.
Something hits you.
* * * LOW HITPOINT WARNING * * *
Something shocks you.
You die...

#...##.########.....
#...##..........##.#
#...############# .#
###.# .# ####'####
.. #.......# .
#.......# #.......#
#...@...+
##.#...{...####
.......S........
.#.........#####
#.........#
#.##8..#### #. #....
# .∩.8. ##.###


You could see a friendly ball python.

Vanquished Creatures
  A bullfrog (D:6)
  A scorpion (D:6)
  A crimson imp (D:5)
  An orc wizard (D:6)
  An iguana (D:5)
  2 adders
  3 oozes
  5 dart slugs
  A leopard gecko (D:1)
  3 orcs (D:6)
  4 giant cockroaches
  8 goblins
  5 hobgoblins
  4 jackals (D:1)
  7 bats
  2 frilled lizards (D:1)
  6 kobolds
  5 rats
60 creatures vanquished.

Vanquished Creatures (collateral kills)
  A worm (D:3)
  An orc (D:6)
  A frilled lizard (D:1)
  A rat (D:1)
4 creatures vanquished.

Vanquished Creatures (others)
  15 toadstools (D:2)
15 creatures vanquished.

Grand Total: 79 creatures vanquished

Notes
Turn   | Place    | Note
-------+----------+-------------------------------------------
     0 | D:1      | vatarom the Octopode Transmuter began the quest for the Orb.
     0 | D:1      | Reached XP level 1. HP: 13/13 MP: 3/3
   113 | D:1      | Reached XP level 2. HP: 2/18 MP: 5/5
   482 | D:1      | Learned a level 2 spell: Sticks to Snakes
   638 | D:1      | Reached XP level 3. HP: 18/23 MP: 6/6
  1049 | D:2      | Found a shimmering altar of Xom.
  1102 | D:2      | Found a glowing golden altar of the Shining One.
  1105 | D:2      | Found a sacrificial altar of Ru.
  1127 | D:2      | Found a shattered altar of Ashenzari.
  1149 | D:2      | Became a worshipper of Ashenzari the Shackled
  1153 | D:2      | Reached skill level 4 in Unarmed Combat
  1215 | D:2      | Reached XP level 4. HP: 28/28 MP: 7/7
  1242 | D:2      | Learned a level 3 spell: Spider Form
  1297 | D:2      | Found a blossoming altar of Fedhas.
  1651 | D:2      | Noticed an oklob plant
  1860 | D:3      | You fall through a shaft for 3 floors!
  1860 | D:6      | Found an opulent altar of Gozag.
  1876 | D:6      | Noticed a bullfrog
  1885 | D:6      | Killed a bullfrog
  1885 | D:6      | Reached XP level 5. HP: 16/33 MP: 0/9
  1991 | D:6      | Reached skill level 5 in Unarmed Combat
  1991 | D:6      | Reached XP level 6. HP: 8/38 MP: 6/10
  2170 | D:5      | Entered Level 5 of the Dungeon
  2409 | D:5      | Noticed a sky beast
  2410 | D:5      | Found Piplas's Food Boutique.
  2431 | D:5      | Slain by a sky beast

Skill      XL: |  1  2  3  4  5 |
---------------+----------------+-----
Unarmed Combat | 4 5 |  5.2
Spellcasting   | 3 |  3.4
Transmutations | 3 |  3.6
Fighting       | |  1.0
Dodging        | |  2.0

Action                   |  1- 3 |  4- 6 || total
-------------------------+-------+-------++-------
Melee: Unarmed           |    83 |    79 ||   162
       Constrict         |    24 |    18 ||    42
       Kick              |     3 |       ||     3
       Tentacles         |    13 |     8 ||    21
       Punch             |     1 |     3 ||     4
 Cast: Beastly Appendage |     2 |       ||     2
       Sticks to Snakes  |     3 |    10 ||    13
  Use: Potion            |     5 |     2 ||     7
       Scroll            |     3 |     5 ||     8
 Stab: Sleeping          |     2 |     2 ||     4
       Distracted        |       |     4 ||     4
  Eat: Beef jerky        |     1 |       ||     1
       Chunk             |       |     3 ||     3
       Bread ration      |       |     1 ||     1
Armor: Skin              |    10 |     8 ||    18
Dodge: Dodged            |    45 |    42 ||    87
